 Dungeon Crawl Stone Soup version 0.18.1-50-g88ac8fd (webtiles) character file.

563 Gorglomux the Slinger (level 7, 0/44 HPs)
             Began as a Halfling Hunter on Oct 29, 2016.
             Was an Initiate of Gozag.
             Slain by Grinder (6 damage)
             ... on level 4 of the Dungeon.
             The game lasted 00:13:23 (3153 turns).

Gorglomux the Slinger (Halfling Hunter)             Turns: 3153, Time: 00:13:24

Health: 0/44       AC:  4    Str: 12    XL:     7   Next: 58%
Magic:  7/7        EV: 17    Int: 10    God:    Gozag
Gold:   452        SH:  0    Dex: 17    Spells: 0 memorised, 6 levels left

rFire  . . .     SeeInvis .     b - +4 short sword (venom)
rCold  . . .     Gourm    .     c - +0 leather armour
rNeg   . . .     Faith    .     (shield restricted)
rPois  .         Spirit   .     (no helmet)
rElec  .         Dismiss  .     (no cloak)
rCorr  .         Reflect  .     o - +0 pair of gloves (curse)
SustAt .         Harm     .     (no boots)
MR     .....                    (no amulet)
Stlth  ++........               (no ring)
                                (no ring)

@: not resistant to hostile enchantments, unstealthy
A: mutation resistance 1
a: Potion Petition, Call Merchant, Bribe Branch, Renounce Religion


You were on level 4 of the Dungeon.
You worshipped Gozag.
Gozag was noncommittal.
You were near starving.

You visited 1 branch of the dungeon, and saw 4 of its levels.

You collected 468 gold pieces.
You paid 16 gold pieces to Gozag.

Inventory:

Hand Weapons
 a - a +1 hunting sling
 b - a +4 short sword of venom (weapon)
Missiles
 d - 33 sling bullets
 j - 90 stones (quivered)
Armour
 c - a +0 leather armour (worn)
 o - a cursed +0 pair of gloves (worn)
Wands
 h - a wand of digging (7/24)
 k - a wand of flame (13/48)
 x - a wand of polymorph (15/24)
Scrolls
 i - a scroll of enchant armour {unknown}
 l - 4 scrolls of teleportation {unknown}
 m - 2 scrolls of fog {unknown}
 n - 2 scrolls of identify {unknown}
 p - 3 scrolls of remove curse {unknown}
 q - a scroll of magic mapping {unknown}
 w - 2 scrolls of fear {unknown}
 y - a scroll of immolation {unknown}
Potions
 e - 2 potions of lignification {unknown}
 g - a potion of curing {unknown}
 s - a potion of cure mutation {unknown}
 t - 2 potions of agility {unknown}
 v - a potion of cancellation {unknown}
Comestibles
 f - 7 bread rations
 r - a royal jelly
 u - a meat ration


   Skills:
 - Level 1.7 Fighting
 * Level 10.5 Slings
 + Level 5.1 Dodging
 - Level 1.1 Stealth


You had 6 spell levels left.
You didn't know any spells.

Dungeon Overview and Level Annotations

Branches:
Dungeon (4/15)
 Temple: D:4-7

Altars:
Ashenzari
Dithmenos
Gozag
Xom

Annotations:
D:3 Neder's ghost, amateur DsFi
D:4 Grinder


Innate Abilities, Weirdness & Mutations

You are small and have problems with some larger weapons.
You are somewhat resistant to further mutation.


Message History

You hit Grinder.
Grinder is poisoned.
Grinder is severely wounded.
Grinder blinks!
Grinder closely misses you.
You hit Grinder but do no damage.
Grinder is severely wounded.
Grinder drinks a potion.
Grinder is healed!
You closely miss Grinder.
Grinder is lightly wounded.
Grinder hits you!
* * * LOW HITPOINT WARNING * * *
You are too injured to fight recklessly!
Zapping:
k - a wand of flame {zapped: 2} (will waste charges)
Press: ? - help, Shift-Dir - straight line, f/p - Grinder
Aim: Grinder (lightly wounded, poisoned)
The puff of flame hits Grinder.
Grinder is lightly wounded.
Evoking this partially-identified wand wasted a few charges.
Grinder hits you.
You die...
Your body crumbles into a pile of gold.

#####.#######..##
#.#................
#.#.###.######...##
##.#.# #.# #..... ..#.#
#.######..... #.#.#
#............
#######.#.##########.....
#.......5................
........@.###########.#.#
#.#####.### .#.# #(# .#.#
...S5.(.# .. #.....(.. ##
#.########


You could see Grinder.

Vanquished Creatures
  Sigmund (D:3)
  A gnoll sergeant (D:2)
  A scorpion (D:4)
  Jessica (D:3)
  Ijyb (D:3)
  Terence (D:3)
  A worker ant (D:4)
  4 adders
  5 gnolls
  2 oozes
  3 worms
  3 dart slugs
  4 giant geckos
  7 giant cockroaches
  8 goblins
  6 hobgoblins
  15 jackals
  9 kobolds
  2 quokkas (D:3)
  10 bats
  3 giant newts (D:1)
  7 rats
95 creatures vanquished.

Notes
Turn   | Place    | Note
--------------------------------------------------------------
     0 | D:1      | Gorglomux the Halfling Hunter began the quest for the Orb.
     0 | D:1      | Reached XP level 1. HP: 14/14 MP: 1/1
    30 | D:1      | Reached skill level 6 in Slings
    83 | D:1      | Reached XP level 2. HP: 18/19 MP: 2/2
   135 | D:1      | Found a shattered altar of Ashenzari.
   223 | D:1      | Reached XP level 3. HP: 19/24 MP: 3/3
   351 | D:1      | Reached skill level 7 in Slings
   668 | D:2      | Found an opulent altar of Gozag.
   733 | D:2      | Reached XP level 4. HP: 25/29 MP: 4/4
   777 | D:2      | Became a worshipper of Gozag Ym Sagoz the Greedy
  1237 | D:3      | Noticed Grinder
  1285 | D:3      | Noticed Sigmund
  1561 | D:3      | Killed Sigmund
  1561 | D:3      | Reached skill level 9 in Slings
  1561 | D:3      | Reached XP level 5. HP: 13/34 MP: 5/5
  1561 | D:3      | Reached XP level 6. HP: 15/39 MP: 6/6
  1714 | D:3      | Noticed Jessica
  1716 | D:3      | Killed Jessica
  2036 | D:2      | Reached XP level 7. HP: 30/44 MP: 7/7
  2192 | D:3      | Noticed Terence
  2212 | D:3      | Killed Terence
  2212 | D:3      | Reached skill level 10 in Slings
  2506 | D:3      | Noticed Ijyb
  2519 | D:3      | Killed Ijyb
  2680 | D:3      | Noticed Neder's ghost (amateur DsFi)
  2681 | D:3      | Reached skill level 5 in Dodging
  2991 | D:4      | Found a shimmering altar of Xom.
  3013 | D:4      | Found a shadowy altar of Dithmenos.
  3144 | D:4      | Paralysed by Grinder for 4 turns
  3153 | D:4      | Slain by Grinder

Skill      XL: |  1  2  3  4  5  6  7 |
---------------+----------------------+-----
Slings         | 6 7 9 10 | 10.5
Dodging        | 4 5 |  5.1
Fighting       | |  1.7
Stealth        | |  1.1

Action                   |  1- 3 |  4- 6 |  7- 9 || total
-------------------------+-------+-------+-------++-------
Melee: Short sword       |    42 |    12 |    26 ||    80
 Fire: Hunting sling     |    36 |   127 |   130 ||   293
Evoke: Wand              |     1 |       |     1 ||     2
 Stab: Sleeping          |     1 |       |       ||     1
  Eat: Meat ration       |       |     1 |       ||     1
Armor: Leather armour    |     8 |     9 |     9 ||    26
Dodge: Dodged            |    44 |    28 |    32 ||   104
